 Dungeon Crawl Stone Soup version 0.31-a0-174-g85c54bcb58 (webtiles) character file.

Game seed: 4710841057401745903

240 qw the Chopper (level 6, -5/38 HPs)
             Began as a Gargoyle Fighter on June 15, 2023.
             Slain by a gnoll sergeant
             ... wielding a +0 trident
              (10 damage)
             ... on level 4 of the Dungeon.
             The game lasted 00:01:23 (2651 turns).

qw the Chopper (Gargoyle Fighter)                   Turns: 2651, Time: 00:01:24

Health: -5/38      AC: 13    Str: 21    XL:     6   Next: 8%
Magic:  0/6        EV:  7    Int:  9    God:
Gold:   162        SH:  4    Dex:  9    Spells: 5/5 levels left

rFire   . . .        Y - +0 war axe
rCold   . . .        c - +0 buckler
rNeg    + . .        f - +0 chain mail
rPois   inf          (no helmet)
rElec   +            (no cloak)
rCorr   .            (no gloves)
SInv    .            (no boots)
Will    .....        j - amulet of guardian spirit Stlth
                     (no ring)
HPRegen 0.26/turn    (no ring)
MPRegen 0.10/turn

%: guardian spirit
@: no status effects
A: sickness immunity, AC +4, negative energy resistance 1, electricity
resistance, torment resistance 1, petrification resistance
a: no special abilities


You were on level 4 of the Dungeon.
You visited 1 branch of the dungeon, and saw 4 of its levels.

You collected 162 gold pieces.


Innate Abilities, Weirdness & Mutations

You are immune to sickness and miasma.
Your stone body is resilient. (AC +4)
You are immune to poison.
You resist negative energy. (rN+)
You are resistant to electric shocks. (rElec)
You are resistant to unholy torment.
You are immune to petrification.


   Skills:
 - Level 4.1 Fighting
 + Level 5.2 Axes
 - Level 3.2 Armour
 - Level 3.2 Shields


You had 5 spell levels left.
You didn't know any spells.
Your spell library was empty.

Inventory:

Hand Weapons
 i - a +0 morningstar
 Y - a +0 war axe (weapon)
Armour
 c - a +0 buckler (worn)
 f - a +0 chain mail (worn)
Jewellery
 j - an amulet of guardian spirit (around neck)
Scrolls
 a - a scroll of identify {unknown}
Potions
 d - a potion of might
 e - a potion of lignification
 g - a potion of enlightenment {unknown}
 h - a potion of cancellation {unknown}
 k - a potion of haste
 l - a potion of heal wounds {unknown}
 n - a potion of curing

Dungeon Overview and Level Annotations

Branches:
Dungeon (4/15)
 Temple: D:4-7

Altars:
Qazlal

Annotations:
D:2 1 runed translucent door, Crazy Yiuf


Message History

Things that are here:
a +0 flail; 7 gold pieces; a gnoll corpse You barely miss the gnoll sergeant.
You barely miss the gnoll.
The gnoll sergeant hits you but does no damage. x2
The gnoll hits you but does no damage. x2
You hit the gnoll sergeant but do no damage.
You hit the gnoll. You slash the gnoll!
The gnoll hits you but does no damage. x2
You block the gnoll sergeant's attack.
You hit the gnoll but do no damage.
The gnoll is heavily wounded.
You closely miss the gnoll sergeant. You closely miss the gnoll.
The gnoll hits you but does no damage. x2
The gnoll sergeant hits you with a +0 trident.
You closely miss the gnoll.
The gnoll is heavily wounded.
You barely miss the gnoll sergeant. You closely miss the gnoll.
The gnoll hits you but does no damage.
The gnoll sergeant hits you with a +0 trident.
The gnoll hits you but does no damage.
The gnoll sergeant hits you with a +0 trident.
You block the gnoll's attack. The gnoll hits you but does no damage.
You slash the gnoll!
You kill the gnoll!
You hit the gnoll. You closely miss the gnoll sergeant.
The gnoll sergeant hits you with a +0 trident.
The gnoll hits you but does no damage.
You have reached level 6!
You slash the gnoll!
You kill the gnoll!
You hit the gnoll sergeant but do no damage.
The gnoll sergeant hits you with a +0 trident!
You slash the gnoll sergeant!
The gnoll sergeant is heavily wounded.
The gnoll sergeant hits you with a +0 trident!
The gnoll sergeant hits you but does no damage.
You barely miss the gnoll sergeant.
The gnoll sergeant is heavily wounded.
The gnoll sergeant hits you with a +0 trident!
You die...

.. ###### ...
###....## ....
#.......#
....##.....#.#
...#..#....#.######
..#....#......>....
.#....))#..........
#.....g@.##........
###########..[.....
#.................
#.............####
#.............#
#.[...........#
####..........#
##..<.....##
##........##


You could see a gnoll sergeant.

Vanquished Creatures
  A jelly (D:4)
  An orc priest (D:3)
  7 gnolls
  3 adders
  A worm (D:3)
  4 dart slugs
  6 orcs (D:3)
  4 ball pythons
  5 bats
  5 endoplasms
  3 giant cockroaches
  7 hobgoblins
  8 jackals (D:2)
  2 kobolds
  3 quokkas (D:1)
  2 frilled lizards (D:1)
  4 goblins (D:1)
  4 rats
70 creatures vanquished.

Notes
Turn   | Place    | Note
-------+----------+-------------------------------------------
     0 | D:1      | qw the Gargoyle Fighter began the quest for the Orb.
     0 | D:1      | Reached XP level 1. HP: 14/14 MP: 1/1
     0 | D:1      | 0 ||| qw: Version: 0.2-a-29-g511e9b1
     0 | D:1      | 0 ||| qw: Game counter: 5410
     0 | D:1      | 0 ||| qw: Always use a shield: true
     0 | D:1      | 0 ||| qw: God list: Okawaru
     0 | D:1      | 0 ||| qw: Allow faded altars: false
     0 | D:1      | 0 ||| qw: Do Orc after D:15 true
     0 | D:1      | 0 ||| qw: Do second Lair branch before Depths: true
     0 | D:1      | 0 ||| qw: Lair rune preference: random
     0 | D:1      | 0 ||| qw: Plans: Normal, Zot:1-4, Slime:5, God:TSO, Crypt,
                  | Tomb, Abyss, Pan, Hells, Win
     0 | D:1      | 0 ||| PLANNING D:1-11
    50 | D:1      | Reached skill level 2 in Axes
   102 | D:1      | 102 ||| Stepping ~*~*~tactically~*~*~ (hiding).
   112 | D:1      | Reached XP level 2. HP: 17/19 MP: 2/2
   194 | D:1      | 194 ||| Stepping ~*~*~tactically~*~*~ (stealth).
   200 | D:1      | 200 ||| Stepping ~*~*~tactically~*~*~ (stealth).
   201 | D:1      | 201 ||| Stepping ~*~*~tactically~*~*~ (stealth).
   334 | D:1      | Reached skill level 3 in Axes
   351 | D:1      | 351 ||| Stepping ~*~*~tactically~*~*~ (stealth).
   356 | D:1      | Reached XP level 3. HP: 19/23 MP: 3/3
   528 | D:1      | 528 ||| DROPPING +0 club.
   671 | D:1      | 671 ||| DRINKING 2 clear potions.
  1116 | D:2      | Reached XP level 4. HP: 24/28 MP: 4/4
  1145 | D:2      | Found a runed translucent door.
  1146 | D:2      | Noticed Crazy Yiuf
  1183 | D:2      | 1183 ||| Stepping ~*~*~tactically~*~*~ (stealth).
  1184 | D:2      | 1184 ||| Stepping ~*~*~tactically~*~*~ (stealth).
  1310 | D:2      | Found a stormy altar of Qazlal.
  1394 | D:2      | 1394 ||| UPGRADING to amulet of guardian spirit.
  1399 | D:2      | 1399 ||| DROPPING ring of flight.
  1400 | D:2      | 1400 ||| READING 2 scrolls labelled LYLEWA OHEH.
  1401 | D:2      | 1401 ||| DRINKING 2 fizzy cyan potions.
  1402 | D:2      | 1402 ||| DROPPING scroll of butterflies.
  1417 | D:3      | 1417 ||| PLANNING SEWER
  1431 | D:3      | 1431 ||| Stepping ~*~*~tactically~*~*~ (hiding).
  1498 | D:3      | Reached skill level 4 in Axes
  1530 | D:3      | 1530 ||| Stepping ~*~*~tactically~*~*~ (stealth).
  1555 | D:3      | 1555 ||| Stepping ~*~*~tactically~*~*~ (stealth).
  1666 | D:3      | 1666 ||| DROPPING +0 mace.
  1731 | D:3      | Reached XP level 5. HP: 32/32 MP: 5/5
  1759 | D:3      | 1759 ||| Stepping ~*~*~tactically~*~*~ (hiding).
  1771 | D:3      | HP: 8/32 [gnoll/+0 spear (3)]
  1782 | D:3      | HP: 8/32 [gnoll/+0 spear (4)]
  1786 | D:3      | HP: 3/32 [gnoll/+0 spear (3)]
  1918 | D:3      | 1918 ||| Stepping ~*~*~tactically~*~*~ (hiding).
  1919 | D:3      | 1919 ||| Stepping ~*~*~tactically~*~*~ (hiding).
  1920 | D:3      | 1920 ||| Stepping ~*~*~tactically~*~*~ (hiding).
  1921 | D:3      | 1921 ||| Stepping ~*~*~tactically~*~*~ (hiding).
  1922 | D:3      | 1922 ||| Stepping ~*~*~tactically~*~*~ (hiding).
  1923 | D:3      | 1923 ||| Stepping ~*~*~tactically~*~*~ (hiding).
  1924 | D:3      | 1924 ||| Stepping ~*~*~tactically~*~*~ (hiding).
  1925 | D:3      | 1925 ||| Stepping ~*~*~tactically~*~*~ (hiding).
  1926 | D:3      | 1926 ||| Stepping ~*~*~tactically~*~*~ (hiding).
  1927 | D:3      | 1927 ||| Stepping ~*~*~tactically~*~*~ (hiding).
  1928 | D:3      | 1928 ||| Stepping ~*~*~tactically~*~*~ (hiding).
  2085 | D:3      | 2085 ||| RIP SEWER
  2114 | D:3      | 2114 ||| PLANNING D:1-11
  2132 | D:3      | 2132 ||| Stepping ~*~*~tactically~*~*~ (hiding).
  2141 | D:3      | Reached skill level 5 in Axes
  2256 | D:3      | 2256 ||| Stepping ~*~*~tactically~*~*~ (stealth).
  2351 | D:3      | 2351 ||| DROPPING +0 flail.
  2546 | D:3      | 2546 ||| UPGRADING to +0 chain mail.
  2556 | D:3      | 2556 ||| DROPPING +0 scale mail.
  2557 | D:3      | 2557 ||| READING scroll labelled ITAP TEBAICIO.
  2561 | D:3      | 2561 ||| DRINKING 2 bubbling ruby potions.
  2649 | D:4      | Reached XP level 6. HP: 22/38 MP: 3/6
  2650 | D:4      | HP: 5/38 [gnoll sergeant/+0 trident (7)]
  2651 | D:4      | Slain by a gnoll sergeant

Levels and vault maps discovered:
D:1:      scummos_arrival_gate, layout_loops_ring, minmay_distorted
D:2:      layout_loops_ring, basic_altar, uniq_crazy_yiuf_cottage
D:3:      layout_loops_cross, portal_sewer_entry_d, serial_forest,
          infiniplex_forest_clump_small, infiniplex_forest_clump_double,
          infiniplex_forest_clump_small, infiniplex_forest_lined_room_3,
          infiniplex_forest_corner_1, infiniplex_forest_clump_medium,
          serial_bayou_lagoon_a
D:4:      layout_rooms, minmay_temple_entry_antechambers,
          hangedman_decor_slide_cut, uniq_eustachio, uniq_menkaure

Skill      XL: |  1  2  3  4  5 |
---------------+----------------+-----
Axes           | 2 3 4 5 |  5.2
Fighting       | 4 |  4.1
Armour         | |  3.2
Shields        | |  3.2

Action                     |  1- 3 |  4- 6 || total
---------------------------+-------+-------++-------
  Melee: War axe           |   115 |    96 ||   211
    Use: Potion            |     1 |     2 ||     3
         Scroll            |       |     2 ||     2
 Armour: Scale mail        |    60 |    40 ||   100
         Chain mail        |       |    17 ||    17
  Dodge: Dodged            |    54 |    33 ||    87
  Block: Buckler           |    22 |    26 ||    48

Table legend:
 A = Non-vault XP
 B = Vault XP
 C = Vault XP percentage of total XP
 D = Non-vault monster count
 E = Vault monster count
 F = Vault count percentage of total count
                 A         B        C        D         E       F
            +---------+---------+-------+---------+---------+-------
      Total |     326 |      17 |   5.0 |      67 |       3 |   4.3
            +---------+---------+-------+---------+---------+-------
        D:1 |      45 |       4 |   8.2 |      25 |       2 |   7.4
        D:2 |      41 |       0 |   0.0 |      16 |       0 |   0.0
        D:3 |     138 |      13 |   8.6 |      20 |       1 |   4.8
        D:4 |     102 |       0 |   0.0 |       6 |       0 |   0.0
            +---------+---------+-------+---------+---------+-------
